 Dungeon Crawl Stone Soup version 0.19-a0-1107-gc676ff4 (webtiles) character file.

3214 mistymad the Grappler (level 9, -4/96 HPs)
             Began as a Troll Earth Elementalist on Aug 9, 2016.
             Slain by a killer bee (7 damage)
             ... on level 8 of the Dungeon.
             The game lasted 00:11:52 (5861 turns).

mistymad the Grappler (Troll Earth Elementalist)    Turns: 5861, Time: 00:11:54

Health: -4/96      AC:  7    Str: 15 (18) XL:     9   Next: 65%
Magic:  10/10      EV: 10    Int: 13 (14) God:
Gold:   442        SH:  0    Dex:  9 (10) Spells: 5 memorised, 0 levels left

rFire  + . .     SeeInvis .       - Unarmed
rCold  . . .     Gourm    +     h - +2 robe {MR+}
rNeg   + . .     Faith    .     (no shield)
rPois  .         Spirit   .     (helmet restricted)
rElec  .         Dismiss  .     (no cloak)
rCorr  .         Reflect  .     (gloves unavailable)
SustAt .         Harm     .     (boots unavailable)
MR     +....                    D - amulet of magic regeneration
Stlth  +.........               u - ring of protection from fire
                                a - ring of positive energy

@: lethally poisoned (-4 -> -15)
A: unfitting armour, claws 3, fast metabolism 3, gourmand, regeneration 2,
shaggy fur 1, tough skin 2
a: no special abilities


You were on level 8 of the Dungeon.
You were full.

You visited 2 branches of the dungeon, and saw 9 of its levels.

You collected 442 gold pieces.

Inventory:

Hand Weapons
 B - a +0 giant spiked club
Missiles
 b - 229 stones (quivered)
 N - a throwing net
Armour
 h - a +2 robe of magic resistance (worn)
 K - a cursed +0 large shield
Jewellery
 a - a ring of positive energy (left claw)
 u - a ring of protection from fire (right claw)
 D - an amulet of magic regeneration (around neck)
Wands
 s - a wand of paralysis (6/24)
 v - a wand of flame (17/48)
 A - a wand of random effects (11/48)
Scrolls
 f - 4 scrolls of noise {unknown}
 i - 8 scrolls of identify {unknown}
 j - 4 scrolls of remove curse {unknown}
 q - 4 scrolls of teleportation {unknown}
 t - a scroll of recharging {unknown}
 F - a scroll of enchant weapon {unknown}
 L - a scroll of random uselessness {unknown}
Potions
 c - a potion of degeneration
 k - 2 potions of agility {unknown}
 l - a potion of curing {unknown}
 m - a potion of resistance {unknown}
 n - a potion of lignification {unknown}
 o - 2 potions of mutation {unknown}
 p - a potion of cure mutation {unknown}
 r - 2 potions of heal wounds {unknown}
 x - 2 potions of might {unknown}
 z - a potion of berserk rage {unknown}
 E - 2 potions of flight {unknown}
 G - a potion of cancellation {unknown}
 I - a potion of brilliance {unknown}
 O - a potion of ambrosia {unknown}
Books
 e - a book of Geomancy

   Spells                             Type                      Level
   a - Sandblast                      Earth                        1
   b - Passwall                       Transmutation/Earth          2
   c - Stone Arrow                    Conjuration/Earth            3
   d - Petrify                        Transmutation/Earth          4
   e - Lee's Rapid Deconstruction     Earth                        5
 y - a book of Debilitation

   Spells                             Type                      Level
   a - Corona                         Hexes                        1
   b - Slow                           Hexes                        2
   c - Gell's Gravitas                Hexes/Translocation          3
   d - Inner Flame                    Hexes/Fire                   3
   e - Cause Fear                     Hexes                        4
   f - Leda's Liquefaction            Hexes/Earth                  4
 H - a book of Cantrips

   Spells                             Type                      Level
   a - Confusing Touch                Hexes                        1
   b - Animate Skeleton               Necromancy                   1
   c - Summon Small Mammal            Summoning                    1
   d - Apportation                    Translocation                1
 M - a book of Changes

   Spells                             Type                      Level
   a - Beastly Appendage              Transmutation                1
   b - Sticks to Snakes               Transmutation                2
   c - Spider Form                    Transmutation/Poison         3
   d - Ice Form                       Ice/Transmutation            4
   e - Blade Hands                    Transmutation                5
 P - a book of Necromancy

   Spells                             Type                      Level
   a - Pain                           Necromancy                   1
   b - Animate Skeleton               Necromancy                   1
   c - Vampiric Draining              Necromancy                   3
   d - Regeneration                   Charms/Necromancy            3
   e - Animate Dead                   Necromancy                   4
   f - Control Undead                 Necromancy                   4
Comestibles
 d - 14 bread rations
 g - 2 meat rations
 w - 3 slices of pizza
 C - 8 beef jerkies
 J - a royal jelly


   Skills:
 + Level 8.0 Fighting
 - Level 1.5 Dodging
 - Level 1.1 Stealth
 + Level 9.5 Unarmed Combat
 + Level 1.3 Spellcasting
 + Level 1.1 Transmutations
 - Level 2.6 Earth Magic


You couldn't memorise any spells.
You knew the following spells:

 Your Spells              Type           Power        Failure   Level  Hunger
a - Sandblast             Erth           #.....       10%         1    ##.....
b - Passwall              Tmut/Erth      #.........   21%         2    ###....
c - Confusing Touch       Hex            #.....       30%         1    ##.....
d - Apportation           Tloc           #.........   30%         1    ##.....
e - Blade Hands           Tmut           #.........   100%        5    ######.


Dungeon Overview and Level Annotations

Branches:
Dungeon (8/15)             Temple (1/1) D:7
   Lair: D:8-11

Altars:
Ashenzari
Cheibriados
Dithmenos
Fedhas
Gozag
Hepliaklqana
Kikubaaqudgha
Makhleb
Nemelex Xobeh
Okawaru
Pakellas
Qazlal
Ru
Sif Muna
Uskayaw
Vehumet
Xom
Yredelemnul
Zin
The Shining One


Innate Abilities, Weirdness & Mutations

You are too large for most types of armour.
You have claws for hands.
Your metabolism is lightning-fast.
You like to eat raw meat.
You heal very quickly.
You are covered in fur. (AC +1)
You have very tough skin. (AC +2)


Message History

You feel sick.
The killer bee stings you but does no damage.
You take 1 damage, and have 17/96 hp.
Unknown command.
You miss the killer bee.
The killer bee is almost dead.
You feel sick. The killer bee stings you.
* * * LOW HITPOINT WARNING * * *
The killer bee stings you!
* * * LOW HITPOINT WARNING * * *
You are more poisoned.
The killer bee poisons you!
You take 11 damage, and have 6/96 hp.
It was a potion of degeneration.
There was something very wrong with that liquid.
You feel weakened.
You feel dopey.
You feel clumsy.
* * * LOW HITPOINT WARNING * * *
You feel very sick. The killer bee stings you!
You die...

#.....#...# #.#.'_'..#
#.....#.#####.######.##
#.....).)<....# #.#.
#......#.####### #..>
.........#.# ###..#
.#########.# #...## #
##.# ###...# #..#
#....## #@## #...(# #y#
#....# ###5# #>..##
#.)§# #...# .....§.†###
#...# ......### #...#
...).. #...# .....
##### .....


You could see a killer bee and a crimson imp.

Vanquished Creatures
  The ghost of B1inky the Slasher, a novice OpMo of Gozag (D:6)
  A hippogriff (D:7)
  Eustachio (D:6)
  A hungry ghost (D:7)
  2 ice beasts
  3 orc warriors
  3 ogres
  A phantom (D:4)
  3 centaurs
  2 giant frogs
  A gnoll sergeant (D:7)
  2 scorpions (D:7)
  2 killer bees (D:8)
  3 howler monkeys
  A crimson imp (D:3)
  A centaur zombie (D:5)
  A gnoll shaman (D:6)
  3 hounds
  4 orc priests
  A jelly (D:5)
  A centaur skeleton (D:6)
  2 iguanas
  Natasha (D:2)
  7 orc wizards
  6 worker ants
  10 gnolls
  7 adders
  2 shadow imps
  An ooze (D:4)
  3 adder skeletons
  A worm (D:2)
  2 dart slugs (D:3)
  6 giant geckos
  19 orcs
  5 bats
  4 giant cockroaches
  12 hobgoblins
  4 jackals
  6 quokkas
  3 ball pythons
  2 giant newts
  7 goblins
  A jackal skeleton (D:4)
  5 kobolds
  3 rats
157 creatures vanquished.

Notes
Turn   | Place    | Note
-------+----------+-------------------------------------------
     0 | D:1      | mistymad the Troll Earth Elementalist began the quest for the Orb.
     0 | D:1      | Reached XP level 1. HP: 16/16 MP: 1/1
   202 | D:1      | Reached skill level 1 in Unarmed Combat
   269 | D:1      | Reached XP level 2. HP: 25/26 MP: 2/2
   301 | D:1      | Reached skill level 1 in Fighting
   500 | D:2      | Reached XP level 3. HP: 26/33 MP: 3/3
   579 | D:2      | Found a glowing golden altar of the Shining One.
   722 | D:2      | Reached skill level 2 in Unarmed Combat
   886 | D:2      | Noticed Natasha
   890 | D:2      | Killed Natasha
   890 | D:2      | Reached XP level 4. HP: 33/42 MP: 4/4
  1511 | D:3      | Reached skill level 3 in Unarmed Combat
  1511 | D:3      | Reached XP level 5. HP: 43/50 MP: 5/5
  1806 | D:4      | Noticed a centaur
  1907 | D:4      | Killed a centaur
  1907 | D:4      | Reached skill level 4 in Unarmed Combat
  1907 | D:4      | Reached XP level 6. HP: 49/61 MP: 6/6
  1958 | D:4      | Found a sparkling altar of Nemelex Xobeh.
  2203 | D:4      | Learned a level 2 spell: Passwall
  2303 | D:4      | Reached XP level 7. HP: 70/70 MP: 7/7
  2341 | D:4      | Found a shimmering altar of Xom.
  2391 | D:4      | Reached skill level 5 in Unarmed Combat
  2639 | D:4      | Found a glowing silver altar of Zin.
  2950 | D:5      | Entered Level 5 of the Dungeon
  3010 | D:5      | Reached skill level 5 in Fighting
  3013 | D:5      | Reached skill level 6 in Unarmed Combat
  3426 | D:5      | Reached XP level 8. HP: 77/81 MP: 8/8
  3753 | D:6      | Noticed B1inky's ghost (novice OpMo)
  3763 | D:6      | Killed B1inky's ghost
  3763 | D:6      | Reached skill level 7 in Unarmed Combat
  4228 | D:6      | Found a stormy altar of Qazlal.
  4230 | D:6      | Found a sacrificial altar of Ru.
  4271 | D:6      | Found a hide-covered altar of Uskayaw.
  4329 | D:6      | Noticed Eustachio
  4368 | D:6      | Killed Eustachio
  4368 | D:6      | Reached skill level 8 in Unarmed Combat
  4608 | D:7      | Reached XP level 9. HP: 86/92 MP: 9/9
  4813 | D:7      | Found a staircase to the Ecumenical Temple.
  4818 | Temple   | Entered the Ecumenical Temple
  5042 | D:7      | Found an oddly glowing altar of Pakellas.
  5050 | D:7      | Learned a level 1 spell: Confusing Touch
  5052 | D:7      | Learned a level 1 spell: Apportation
  5063 | D:7      | Found an iron altar of Okawaru.
  5108 | D:7      | Reached skill level 9 in Unarmed Combat
  5707 | D:8      | Learned a level 5 spell: Blade Hands
  5731 | D:8      | Found a shadowy altar of Dithmenos.
  5789 | D:8      | Found an ancient bone altar of Kikubaaqudgha.
  5837 | D:8      | Reached skill level 1 in Transmutations
  5861 | D:8      | HP: 3/96 [poisoned by a killer bee]
  5861 | D:8      | Slain by a killer bee

Vault maps used:
D:1:      scummos_arrival_simple_fountains, nrook_uturn
D:2:      tso_metal_star, first_bread, uniq_natasha
D:4:      xom_butterflies, nemelex_xobeh_ov_fountains_minmay, zin_statuary,
          minmay_a_box_with_orc_wizards_in_it
D:5:      hangedman_decor_peaks_small
D:6:      eat_drink_and_be_merry_uskayaw, gammafunk_temple_overflow_statue,
          uniq_eustachio
D:7:      old_standard_altar, okawaru_trees_2, grunt_ogre_cave
D:8:      grunt_dithmenos_smoke_and_mirrors, kennysheep_mini, basic_altar
Temple:   jpeg_temple_island

Skill      XL: |  1  2  3  4  5  6  7  8  9 |
---------------+----------------------------+-----
Unarmed Combat | 1 2 3 4 6 8 9 |  9.5
Fighting       | 1 2 3 4 5 6 8 |  8.0
Transmutations | 1 |  1.1
Dodging        | |  1.5
Stealth        | |  1.1
Spellcasting   | |  1.3
Earth Magic    | |  2.6

Action                   |  1- 3 |  4- 6 |  7- 9 || total
-------------------------+-------+-------+-------++-------
Melee: Unarmed           |    85 |   164 |   356 ||   605
       Punch             |       |     4 |     9 ||    13
  Use: Potion            |       |       |     1 ||     1
 Stab: Sleeping          |     1 |     2 |       ||     3
  Eat: Chunk             |     9 |    18 |    38 ||    65
Armor: Robe              |    32 |    44 |    99 ||   175
Dodge: Dodged            |    44 |    71 |   159 ||   274
